 Dungeon Crawl Stone Soup version 0.29.1-1-gd02db6906a (webtiles) character file.

Game seed: 4956616536690474159

3880 hawla the Thaumaturge (level 10, -16/72 HPs)
             Began as a Meteoran Fire Elementalist on Oct 9, 2022.
             Was a Believer of Vehumet.
             Demolished by an orc knight
             ... wielding a +0 trident
              (24 damage)
             ... in a bailey.
             The game lasted 00:15:25 (4310 turns).

hawla the Thaumaturge (Meteoran Fire Elementalist)  Turns: 4310, Time: 00:15:26

Health: -16/72     AC:  8    Str:  9    XL:     10   Next: 69%
Magic:  24/26      EV: 14    Int: 21    God:    Vehumet [**....]
Gold:   236        SH:  0    Dex: 16    Spells: 25/32 levels left

rFire   . . .      SeeInvis .   t - +3 scimitar
rCold   . . .      Faith    .   (no shield)
rNeg    . . .      Spirit   .   a - +1 robe
rPois   .          Reflect  .   (no helmet)
rElec   .          Harm     .   (no cloak)
rCorr   .          Rampage  .   g - +0 pair of gloves
Will    ++...                   (no boots)
Stlth   +.........              (no amulet)
HPRegen 0.22/turn               c - +4 ring of protection
MPRegen 0.20/turn               l - ring of wizardry

@: mighty, glowing
A: sense surroundings 3, otherworldly, glowing, explore regen, strong-willed 1
a: Renounce Religion


You were in a bailey.
You worshipped Vehumet.
Vehumet was pleased with you.
You visited 2 branches of the dungeon, and saw 9 of its levels.
You also visited: Bailey.

You collected 236 gold pieces.

Inventory:

Hand Weapons
 e - a +5 long sword
 t - a +3 scimitar (weapon)
Armour
 a - a +1 robe (worn)
 g - a +0 pair of gloves (worn)
Jewellery
 c - a +4 ring of protection (left hand)
 l - a ring of wizardry (right hand)
Wands
 p - a wand of roots (5)
Scrolls
 j - 2 scrolls of blinking
 m - 2 scrolls of torment {unknown}
 s - a scroll of immolation {unknown}
Potions
 b - 2 potions of haste {unknown}
 d - a potion of might
 f - 3 potions of mutation
 h - a potion of resistance
 i - 2 potions of ambrosia
 k - a potion of berserk rage {unknown}
 n - a potion of curing
 o - 4 potions of flight
 r - a potion of lignification {unknown}


   Skills:
 + Level 1.4 Fighting
 + Level 1.3 Long Blades
 + Level 4.3 Dodging
 - Level 1.4 Stealth
 + Level 11.5 Spellcasting
 + Level 5.8 Conjurations
 + Level 11.3 Fire Magic


You had 25 spell levels left.
You knew the following spells:

 Your Spells              Type           Power      Damage    Failure   Level
a - Foxfire               Conj/Fire      100%       2x1d9     1%          1
b - Scorch                Fire           100%       2d10      1%          2
c - Flame Wave            Conj/Fire      48%        2d12      1%          4

Your spell library contained the following spells:

 Spells                   Type           Power      Damage    Failure   Level
 Magic Dart               Conj           100%       1d8       1%          1
 Shock                    Conj/Air       96%        1d9       1%          1
 Conjure Flame            Conj/Fire      48%        6-21      1%          3
 Inner Flame              Hex/Fire       35%        N/A       1%          3
 Swiftness                Air            12%        N/A       7%          3
 Airstrike                Air            6%         2d(1-17)  22%         4


Dungeon Overview and Level Annotations

Branches:
Dungeon (8/15) Zot: 713    Temple (1/1) D:5 Zot: 374  Bailey (1/1) Zot: 550
   Lair: D:8-11

Altars:
Ashenzari
Cheibriados
Dithmenos
Elyvilon
Fedhas
Hepliaklqana
Makhleb
Okawaru
Qazlal
Ru
Trog
Uskayaw
Vehumet
Wu Jian
Xom
Yredelemnul
The Shining One

Shops:
D:3 =


Innate Abilities, Weirdness & Mutations

You passively map a large area around you.
You are easily found by Zot.
You glow in the dark.
You regain HP and MP as you explore.
You are strong-willed. (Will+)


Message History

The orc knight roars a battlecry!
The orcs go into a battle-frenzy!
The orc warrior barely misses you. The orc hits you but does no damage.
An orc comes into view. It is wielding a +0 trident.
The orc barely misses you.
The orc warrior attacks as you move away!
The orc warrior barely misses you. The orc closely misses you.
The orc warrior hits you from afar with a +0 spear!
* * * LOW HITPOINT WARNING * * *
It was a potion of curing.
You feel better.
You feel less invigorated.
The orc hits you from afar with a +0 halberd!
* * * LOW HITPOINT WARNING * * *
The orc warrior barely misses you. The orc knight closely misses you.
The orc misses you.
Casting: Flame Wave (mildly dangerous; 1% risk of failure)
Confirm with . or Enter, or press ? or * to list all spells.
Casting: Flame Wave (mildly dangerous; 1% risk of failure)
Press: ? - help, Dir - look around, f - activate A wave of flame ripples out! (Press . to intensify the flame waves.)
The orc hits you but does no damage.
The orc warrior hits you from afar with a +0 spear.
* * * LOW HITPOINT WARNING * * *
The orc knight hits you from afar with a +0 trident.
* * * LOW HITPOINT WARNING * * *
The orc hits you from afar with a +0 spear.
* * * LOW HITPOINT WARNING * * *
A wave of flame ripples out!
The flame wave engulfs the orc warrior!
The orc warrior is severely wounded.
The flame wave engulfs the orc!!
You kill the orc!
Vehumet accepts your kill.
You feel your power returning.
The flame wave engulfs the orc!
You kill the orc!
Vehumet accepts your kill.
You feel your power returning.
The flame wave engulfs the orc knight!
The orc knight is moderately wounded.
The orc knight hits you from afar with a +0 trident!!
You die...

#≈≈≈≈≈≈≈#....#≈≈
#≈≈≈≈≈≈≈#....# ≈≈
#≈≈≈≈≈≈≈#....#~≈≈≈
~*
#♣♣≈≈≈≈≈#....#≈≈≈≈
~~
*♣♣♣...#....#...≈~
~~
....♣...........
.................,
~ ..####........##
,#$@####''####. *
**#..)).o........*
##o)o8....8...#*
#))########..#
#.)# * .# #))# ,
,# #..#, * * #..#.
* , * #..#. ,,,*


You could see an orc knight, an orc warrior (strong) and an orc (strong).

Vanquished Creatures
  3 yaks (D:8)
  A water moccasin (D:5)
  2 sky beasts (D:6)
  5 orc warriors
  3 ice beasts
  A black bear (D:7)
  3 ogres
  2 centaurs
  A phantom (D:7)
  A kobold brigand (D:8)
  2 bullfrogs
  A necrophage (D:7)
  16 wights
  A vampire bat (D:4)
  4 orc priests
  A gnoll bouda (D:8)
  3 hounds
  2 jellies
  An iguana (D:7)
  Natasha (twice) (D:2)
  An orc wizard (D:8)
  Terence (D:2)
  6 gnolls
  10 adders
  An ufetubus (D:6)
  3 dart slugs
  17 orcs
  4 ball pythons
  14 bats
  6 endoplasms
  5 giant cockroaches
  9 hobgoblins
  8 jackals
  9 kobolds
  3 quokkas
  2 frilled lizards
  5 goblins
  5 rats
164 creatures vanquished.

Vanquished Creatures (others)
  A wight (D:8)
  170 foxfires
171 creatures vanquished.

Grand Total: 335 creatures vanquished

Notes
Turn   | Place    | Note
-------+----------+-------------------------------------------
     0 | D:1      | hawla the Meteoran Fire Elementalist began the quest for
                  | the Orb.
     0 | D:1      | Reached XP level 1. HP: 14/14 MP: 5/5
    71 | D:1      | Reached XP level 2. HP: 19/20 MP: 4/7
    74 | D:1      | Learned a level 2 spell: Scorch
   138 | D:1      | Reached XP level 3. HP: 17/26 MP: 0/8
   500 | D:1      | Glimpsed the power of Zot.
   551 | D:2      | Noticed Natasha
   606 | D:2      | Noticed Terence
   611 | D:2      | Killed Terence
   612 | D:2      | Reached XP level 4. HP: 33/33 MP: 2/10
   735 | D:2      | Killed Natasha
   736 | D:2      | Reached XP level 5. HP: 6/38 MP: 0/11
   741 | D:2      | Reached skill level 5 in Fire Magic
  1024 | D:2      | Noticed Natasha
  1027 | D:2      | Killed Natasha
  1028 | D:2      | Reached XP level 6. HP: 42/46 MP: 3/13
  1033 | D:2      | Learned a level 4 spell: Flame Wave
  1101 | D:2      | Glimpsed the power of Zot.
  1225 | D:3      | Found a radiant altar of Vehumet.
  1227 | D:3      | Noticed an ice beast
  1233 | D:3      | Killed an ice beast
  1234 | D:3      | Reached skill level 5 in Spellcasting
  1244 | D:3      | Became a worshipper of Vehumet
  1381 | D:3      | Found Qusaerph's Jewellery Boutique.
  1445 | D:3      | Found a hide-covered altar of Uskayaw.
  1465 | D:3      | Found a broken altar of Ashenzari.
  1701 | D:3      | Glimpsed the power of Zot.
  1727 | D:4      | Reached XP level 7. HP: 51/51 MP: 8/15
  1824 | D:4      | Found a shadowy altar of Dithmenos.
  1943 | D:4      | Found a bloodstained altar of Trog.
  2081 | D:4      | Reached * piety under Vehumet
  2081 | D:4      | Offered knowledge of Sandblast by Vehumet.
  2301 | D:4      | Glimpsed the power of Zot.
  2343 | D:5      | Entered Level 5 of the Dungeon
  2552 | D:5      | Reached XP level 8. HP: 58/58 MP: 13/18
  2813 | D:5      | Found a staircase to the Ecumenical Temple.
  2902 | D:5      | Glimpsed the power of Zot.
  2911 | Temple   | Entered the Ecumenical Temple
  3122 | D:6      | Reached skill level 1 in Fighting
  3136 | D:6      | Gained mutation: You passively map the area around you.
                  | [Meteoran growth]
  3136 | D:6      | Reached XP level 9. HP: 46/64 MP: 6/22
  3676 | D:6      | Glimpsed the power of Zot.
  3820 | D:7      | Reached skill level 5 in Conjurations
  3934 | D:7      | Found a white marble altar of Elyvilon.
  4016 | D:7      | Found a snail-covered altar of Cheibriados.
  4142 | D:8      | Reached skill level 10 in Fire Magic
  4142 | D:8      | Reached ** piety under Vehumet
  4143 | D:8      | Reached skill level 10 in Spellcasting
  4143 | D:8      | Reached XP level 10. HP: 44/71 MP: 17/25
  4150 | D:8      | Offered knowledge of Magic Dart by Vehumet.
  4241 | D:8      | Reached skill level 1 in Long Blades
  4249 | D:8      | Found a flagged portal.
  4261 | Bailey   | Entered a bailey
  4301 | Bailey   | Gained mutation: You are strong-willed. (Will+) [potion of
                  | mutation]
  4301 | Bailey   | Gained mutation: You passively map a large area around you.
                  | [potion of mutation]
  4302 | Bailey   | Noticed an orc knight
  4310 | Bailey   | Demolished by an orc knight

Illustrated notes

Levels and vault maps discovered:
D:1:      dpeg_arrival_prison, layout_basic
D:2:      layout_basic, uniq_robin, uniq_terence, uniq_natasha
D:3:      layout_loops_ring, nicolae_vehumet_radiance,
          nicolae_ashenzari_skybound, nicolae_overflow_crystal_walls,
          serial_shops, nicolae_shop_crystal, kennysheep_generic_room_6
D:4:      layout_basic, nicolae_dithmenos_the_darkroom, bloody_trog,
          roderic_batcave
D:5:      layout_gridville, minmay_temple_entry_waves
D:6:      layout_loops_cross, nicolae_figureground_sparkle
D:7:      layout_rooms, elyvilon_altar_5, mainiacjoe_overflow_alcove_2
D:8:      layout_rooms, enter_bailey_2, hex_intersection
Temple:   chequers_temple_sunken
Bailey:   bailey_polearm_elven_captive_hellmonk, bailey

Skill      XL: |  1  2  3  4  5  6  7  8  9 10 |
---------------+-------------------------------+-----
Spellcasting   | 3 4 5 6 8 10 11 | 11.5
Dodging        | 3 4 |  4.3
Fire Magic     | 4 5 6 7 8 10 11 | 11.3
Conjurations   | 2 3 5 |  5.8
Fighting       | 1 |  1.4
Long Blades    | 1 |  1.3
Stealth        | |  1.4

Action                   |  1- 3 |  4- 6 |  7- 9 | 10-12 || total
-------------------------+-------+-------+-------+-------++-------
Melee: Unarmed           |    12 |    22 |     3 |       ||    37
       Punch             |       |     1 |       |       ||     1
       Scimitar          |       |       |       |     5 ||     5
 Cast: Foxfire           |    37 |    28 |    35 |     8 ||   108
       Scorch            |     5 |    41 |    39 |     7 ||    92
       Flame Wave        |       |     1 |    12 |    11 ||    24
  Use: Scroll            |     7 |     1 |     9 |     2 ||    19
       Potion            |       |     1 |       |     4 ||     5
Armor: Robe              |     9 |    25 |    30 |    10 ||    74
Dodge: Dodged            |    22 |    35 |    39 |    26 ||   122
